 Dungeon Crawl Stone Soup version 0.29-a0-553-g81b289dbe5 (webtiles) character file.

Game seed: 8573428288330428232

98 jifgo the Gusty (level 4, -9/25 HPs)
             Began as a Tengu Air Elementalist on June 6, 2022.
             Mangled by an ogre
             ... wielding a +0 giant club
              (16 damage)
             ... on level 3 of the Dungeon.
             The game lasted 00:05:34 (3401 turns).

jifgo the Gusty (Tengu Air Elementalist)            Turns: 3401, Time: 00:05:35

Health: -9/25      AC:  4    Str:  9    XL:     4   Next: 69%
Magic:  0/8        EV: 13    Int: 17    God:
Gold:   177        SH:  0    Dex: 14    Spells: 2/8 levels left

rFire   . . .      SeeInvis +   c - +0 hunting sling
rCold   . . .      Faith    .   (no shield)
rNeg    . . .      Spirit   .   a - +0 robe
rPois   .          Reflect  .   (helmet restricted)
rElec   .          Harm     .   r - +0 cloak
rCorr   .          Rampage  .   p - +0 pair of gloves
Will    .....                   (boots unavailable)
Stlth   ++........              (no amulet)
HPRegen 0.08/turn               k - ring of see invisible
MPRegen 0.11/turn               (no ring)

@: no status effects
A: beak, talons 3
a: no special abilities


You were on level 3 of the Dungeon.
You visited 1 branch of the dungeon, and saw 3 of its levels.

You collected 177 gold pieces.

Inventory:

Hand Weapons
 c - a +0 hunting sling (weapon)
 h - a +0 whip
 i - a +0 dagger
Armour
 a - a +0 robe (worn)
 p - a +0 pair of gloves (worn)
 r - a +0 cloak (worn)
Jewellery
 k - a ring of see invisible (left hand)
Scrolls
 d - 6 scrolls of identify {unknown}
 g - a scroll of enchant weapon {unknown}
 j - 2 scrolls of fog {unknown}
 l - a scroll of blinking {unknown}
 n - 4 scrolls of teleportation {unknown}
 o - a scroll of magic mapping {unknown}
 s - 2 scrolls of fear {unknown}
 t - 2 scrolls of noise {unknown}
 v - a scroll of vulnerability {unknown}
Potions
 b - a potion of magic
 e - 3 potions of brilliance {unknown}
 f - a potion of lignification {unknown}
 m - 2 potions of heal wounds {unknown}
 q - a potion of curing {unknown}
 u - 2 potions of mutation {unknown}


   Skills:
 + Level 1.5 Fighting
 + Level 3.0 Dodging
 - Level 2.0 Stealth
 + Level 2.5 Spellcasting
 + Level 2.7 Conjurations
 + Level 4.7 Air Magic


You had 2 spell levels left.
You knew the following spells:

 Your Spells              Type           Power      Damage    Failure   Level
a - Static Discharge      Conj/Air       15%        N/A       6%          2
b - Swiftness             Air            18%        N/A       8%          3
x - Shock                 Conj/Air       60%        1d6       3%          1

Your spell library contained the following spells:

 Spells                   Type           Power      Damage    Failure   Level
 Apportation              Tloc           4%         N/A       19%         1
 Airstrike                Air            9%         N/A       26%         4
 Alistair's Intoxication  Tmut/Pois      1%         N/A       99%         5


Dungeon Overview and Level Annotations

Branches:
Dungeon (3/15)

Altars:
Cheibriados
Xom

Annotations:
D:3 Robin


Innate Abilities, Weirdness & Mutations

You have a beak for a mouth.
You have claws for feet.


Message History

Unknown command.
Casting: Shock (safe; 3% risk of failure)
Confirm with . or Enter, or press ? or * to list all spells.
Aiming: Shock (safe; 3% risk of failure)
Press: ? - help, Shift-Dir - straight line, f/p - ogre
Aim: an ogre, wielding a +0 giant club (heavily wounded, 86% to hit)
The zap hits the ogre.
The ogre is severely wounded.
Unknown command.
Casting: Shock (safe; 3% risk of failure)
Confirm with . or Enter, or press ? or * to list all spells.
Aiming: Shock (safe; 3% risk of failure)
Press: ? - help, Shift-Dir - straight line, f/p - ogre
Aim: an ogre, wielding a +0 giant club (severely wounded, 86% to hit)
The zap hits the ogre.
The ogre is severely wounded.
Unknown command.
Casting: Shock (safe; 3% risk of failure)
Confirm with . or Enter, or press ? or * to list all spells.
Aiming: Shock (safe; 3% risk of failure)
Press: ? - help, Shift-Dir - straight line, f/p - ogre
Aim: an ogre, wielding a +0 giant club (severely wounded, 86% to hit)
The zap hits the ogre.
The ogre is almost dead.
The ogre hits you with a +0 giant club!!
Ouch! That really hurt!
* * * LOW HITPOINT WARNING * * *
Casting: Shock (safe; 3% risk of failure)
Confirm with . or Enter, or press ? or * to list all spells.
You don't have enough magic to cast this spell.
Casting: Shock (safe; 3% risk of failure)
Confirm with . or Enter, or press ? or * to list all spells.
Aiming: Shock (safe; 3% risk of failure)
Press: ? - help, Shift-Dir - straight line, f/p - ogre
Aim: an ogre, wielding a +0 giant club (almost dead, 86% to hit)
The zap hits the ogre.
The ogre is almost dead.
The ogre hits you with a +0 giant club!
Ouch! That really hurt!
You die...

.'........##..........#
#.
.#........##..........#
##
.###########..........#
# .# #..........# .#
#..........# .#########
#..........# .#.......#
#..........# .#.......#
#..........# .#.......#
#####@######
##.......#######O#
..................
##...............!.
#.................#
#..................
#.................##
###.####..........# #.#
#........


You could see an ogre.

Vanquished Creatures
  2 adders
  4 worms
  3 dart slugs
  3 ball pythons
  2 endoplasms (D:2)
  A giant cockroach (D:1)
  12 goblins
  8 hobgoblins
  2 jackals (D:2)
  A quokka (D:1)
  4 bats
  A frilled lizard (D:1)
  4 kobolds
  10 rats
57 creatures vanquished.

Vanquished Creatures (others)
  5 plants (D:3)
5 creatures vanquished.

Grand Total: 62 creatures vanquished

Notes
Turn   | Place    | Note
-------+----------+-------------------------------------------
     0 | D:1      | jifgo the Tengu Air Elementalist began the quest for the
                  | Orb.
     0 | D:1      | Reached XP level 1. HP: 10/10 MP: 4/4
   309 | D:1      | Reached XP level 2. HP: 16/16 MP: 4/6
   793 | D:1      | Found a faded altar of an unknown god.
  1205 | D:1      | Learned a level 2 spell: Static Discharge
  1437 | D:2      | Reached XP level 3. HP: 20/20 MP: 3/7
  1439 | D:2      | Reached skill level 1 in Fighting
  2161 | D:2      | Reached XP level 4. HP: 25/25 MP: 3/8
  2559 | D:3      | Found a snail-covered altar of Cheibriados.
  2706 | D:3      | Noticed an ogre
  2828 | D:3      | Found a shimmering altar of Xom.
  2875 | D:3      | Noticed Robin
  3272 | D:3      | Learned a level 3 spell: Swiftness
  3401 | D:3      | Mangled by an ogre

Illustrated notes

Levels and vault maps discovered:
D:1:      dpeg_arrival_line_fractal, layout_basic,
          nicolae_ecumenical_lake_church, minmay_misc_feat_five
D:2:      layout_loops_ring
D:3:      layout_basic, chei_slow_surprise, mainiacjoe_overflow_alcove_4,
          lemuel_round_altar, uniq_robin

Skill      XL: |  1  2  3  4 |
---------------+-------------+-----
Conjurations   | 2 |  2.7
Fighting       | 1 |  1.5
Dodging        | 3 |  3.0
Stealth        | |  2.0
Spellcasting   | |  2.5
Air Magic      | |  4.7

Action                   |  1- 3 |  4- 6 || total
-------------------------+-------+-------++-------
 Fire: Hunting sling     |    23 |       ||    23
 Cast: Shock             |    67 |    37 ||   104
       Static Discharge  |     1 |     6 ||     7
  Use: Potion            |       |     1 ||     1
Armor: Robe              |       |     6 ||     6
Dodge: Dodged            |     6 |     6 ||    12

Table legend: (Time is in decaauts)
 A = Elapsed time spent in this place.
 B = Non-inter-level travel time spent in this place.
 C = Inter-level travel time spent in this place.
 D = Time resting spent in this place.
 E = Time spent auto-exploring this place.
 F = Levels seen in this place.
 G = Mean time per level.
                   A        B        C        D        E       F      G
               +--------+--------+--------+--------+--------+-----+--------+
         Total |   3413 |   3180 |    233 |    527 |   2265 |   3 | 1137.7 |
       Dungeon |   3413 |   3180 |    233 |    527 |   2265 |   3 | 1137.7 |
               +--------+--------+--------+--------+--------+-----+--------+

Top non-repeatable levels by time:
     D:2: 1403 daAuts
     D:1: 1254 daAuts
     D:3: 755 daAuts
